 Dungeon Crawl Stone Soup version bcrawl-1.14 (webtiles) character file.

Game seed: 7329279925431179101

371 Revguard the Shield-Bearer (level 6, 0/52 HPs)
             Began as a Demonspawn Archaeologist on Sept 6, 2019.
             Killed by divine providence
             ... invoked by an orc priest
              (11 damage)
             ... on level 2 of the Dungeon.
             The game lasted 00:05:51 (1000 turns).

Revguard the Shield-Bearer (DsAc)                   Turns: 1000, Time: 00:05:52

Health: 0/52       AC: 10    Str: 15 (16) XL:     6   Next: 42%
Magic:  6/6        EV: 16    Int: 15 (16) God:
Gold:   112        SH: 29    Dex: 18 (21) Spells: 5/5 levels left

rFire    . . .     SeeInvis .   k - +0 hand axe
rCold    . . .     Gourm    .   f - +18 shield of the Gong {rElec rN+ MR+ EV-5}
rNeg     + . .     Faith    .   n - +0 ring mail
rPois    .         Spirit   .   c - +1 hat
rElec    +         Reflect  .   (no cloak)
rCorr    .         Harm     .   (no gloves)
MR       +....                  d - +2 pair of boots
Stlth    +++.......             (no amulet)
HPRegen  0.17/turn              j - +4 ring of strength
MPRegen  0.10/turn              m - +5 ring of evasion

@: agile, hasted, very quick
A: talons 2, thin skeletal structure 1, agile 1, blurry vision 1, mutation
resistance 1, powered by pain 1
a: no special abilities


You were on level 2 of the Dungeon.
You were hungry.

You visited 1 branch of the dungeon, and saw 2 of its levels.

You collected 112 gold pieces.

Inventory:

Hand Weapons
 a - a +0 whip
 k - a +0 hand axe (weapon)
Armour
 b - a +1 robe
 c - a +1 hat (worn)
 d - a +2 pair of boots (worn)
 f - the +18 shield of the Gong (worn) {rElec rN+ MR+ EV-5}

   It affects your evasion (-5).
   It insulates you from electricity.
   It protects you from negative energy.
   It affects your resistance to hostile enchantments.
 n - a +0 ring mail (worn)
Jewellery
 j - a +4 ring of strength (left hand)
 m - a +5 ring of evasion (right hand)
Scrolls
 h - 2 scrolls of noise
 l - a scroll of immolation {unknown}
Potions
 o - a potion of degeneration
Comestibles
 g - 3 rations {!d}
 i - 21 chunks of flesh


   Skills:
 * Level 5.9 Fighting
 + Level 3.9(4.0) Axes
 - Level 1.1(2.7) Maces & Flails
 * Level 5.1 Armour
 + Level 3.6 Dodging
 - Level 3.0 Stealth
 * Level 7.0 Shields


You had 5 spell levels left.
You didn't know any spells.
Your spell library was empty.

Dungeon Overview and Level Annotations

Branches:
Dungeon (2/12)

Altars:

Annotations:
D:2 Terence


Innate Abilities, Weirdness & Mutations

You have razor-sharp toenails.
You have a somewhat thin skeletal structure. (Dex +2, Stealth)
You sometimes gain a little power by taking damage.
You are agile. (Dex +2)
Scrolls take you a little longer to read.
You are somewhat resistant to further mutation.


Message History

You hit Terence but do no damage.
Terence is lightly wounded.
The orc priest calls down the wrath of Beogh upon you.
Beogh smites you!
* * * LOW HITPOINT WARNING * * *
You focus on the pain.
You feel agile all of a sudden.
You hit Terence but do no damage.
Terence is lightly wounded.
You block Terence's attack.
GONNNNG!
You hit Terence.
Terence is moderately wounded.
You block Terence's attack.
GONNNNG!
You barely miss Terence.
Terence is moderately wounded.
The orc priest invokes the aid of Beogh against you.
Beogh smites you!
You die...

#÷# #.<.# #.# ###.#
##)## #.# ########.#.##
#)#
......>.###.######.# #
########÷#.........#
##. ##.##########
#...##############r..##
.......)[)..÷%..@@ol..#
....##############o...#
##. ##.#.# # #.#.#
#.#.# #.#># ..#.# ..#


You could see Terence, an orc priest, an orc, a leopard gecko and a quokka.

Vanquished Creatures
  Sigmund (D:2)
  An orc priest (D:2)
  Jessica (D:2)
  A worm (D:2)
  8 dart slugs
  2 leopard geckos (D:2)
  2 orcs (D:2)
  5 giant cockroaches
  6 goblins (D:1)
  4 hobgoblins
  7 jackals
  3 kobolds
  3 ball pythons
  4 bats
  3 frilled lizards
  3 rats (D:1)
54 creatures vanquished.

Vanquished Creatures (others)
  An orc wizard (D:2)
1 creature vanquished.

Grand Total: 55 creatures vanquished

Notes
Turn   | Place    | Note
-------+----------+-------------------------------------------
     0 | D:1      | Revguard the Demonspawn Archaeologist began the quest for
                  | the Orb.
     0 | D:1      | Reached XP level 1. HP: 15/15 MP: 1/1
   158 | D:1      | Gained mutation: You sometimes gain a little power by
                  | taking damage. [demonic ancestry]
   158 | D:1      | Reached XP level 2. HP: 21/21 MP: 2/2
   295 | D:1      | Reached skill level 1 in Maces & Flails
   386 | D:1      | Gained mutation: You have sharp toenails. [demonic
                  | ancestry]
   386 | D:1      | Reached XP level 3. HP: 23/26 MP: 3/3
   772 | D:2      | Reached skill level 5 in Fighting
   772 | D:2      | Reached skill level 6 in Shields
   772 | D:2      | Gained mutation: You have razor-sharp toenails. [demonic
                  | ancestry]
   772 | D:2      | Reached XP level 4. HP: 40/40 MP: 4/4
   837 | D:2      | Noticed Sigmund
   856 | D:2      | Killed Sigmund
   856 | D:2      | Reached skill level 5 in Armour
   856 | D:2      | Reached skill level 7 in Shields
   856 | D:2      | Gained mutation: You have a somewhat thin skeletal
                  | structure. (Dex +2, Stealth) [demonic ancestry]
   856 | D:2      | Reached XP level 5. HP: 37/46 MP: 5/5
   856 | D:2      | Reached XP level 6. HP: 42/52 MP: 6/6
   922 | D:2      | Noticed Jessica
   936 | D:2      | Killed Jessica
   982 | D:2      | Noticed Terence
   991 | D:2      | Gained mutation: Scrolls take you a little longer to read.
                  | [potion of mutation]
   991 | D:2      | Gained mutation: You are agile. (Dex +2) [potion of
                  | mutation]
   991 | D:2      | Gained mutation: You are somewhat resistant to further
                  | mutation. [potion of mutation]
  1000 | D:2      | Killed from afar by an orc priest

Skill      XL: |  1  2  3  4 |
---------------+-------------+-----
Dodging        | 3 |  3.6
Maces & Flails | 1 |  1.1
Fighting       | 5 |  5.9
Axes           | 3 |  3.9
Armour         | 4 5 |  5.1
Shields        | 6 7 |  7.0
Stealth        | |  3.0

Action                   |  1- 3 |  4- 6 || total
-------------------------+-------+-------++-------
Melee: Whip              |    46 |       ||    46
       Hand axe          |    76 |   108 ||   184
  Use: Scroll            |     5 |       ||     5
       Potion            |     1 |     3 ||     4
 Stab: Sleeping          |     4 |       ||     4
Armor: Robe              |    37 |     1 ||    38
       Ring mail         |       |     2 ||     2
Dodge: Dodged            |   107 |     9 ||   116
Block: Shield            |       |   101 ||   101
